 Dungeon Crawl Stone Soup version 0.21-a0-578-gc6e9d75 (webtiles) character file.

56 KristoblXynda the Grasshopper (level 3, -1/32 HPs)
             Began as a Naga Warper on Dec 18, 2017.
             Slain by a phantom (3 damage)
             ... on level 2 of the Dungeon.
             The game lasted 00:04:09 (2184 turns).

KristoblXynda the Grasshopper (Naga Warper)         Turns: 2184, Time: 00:04:10

Health: -1/32      AC:  2    Str: 15    XL:     3   Next: 97%
Magic:  6/6        EV: 12    Int: 14    God:
Gold:   84         SH:  0    Dex: 10    Spells: 6/6 levels left

rFire    . . .     SeeInvis +   a - +0 spear
rCold    . . .     Gourm    .   (no shield)
rNeg     . . .     Faith    .   b - +0 leather armour
rPois    +         Spirit   .   (no helmet)
rElec    .         Reflect  .   (no cloak)
rCorr    .         Harm     .   (no gloves)
MR       .....                  (no barding)
Stlth    +.........             (no amulet)
HPRegen  0.10/turn              (no ring)
MPRegen  0.10/turn              (no ring)

@: about to teleport, very slow
A: large, repulsion field 1, see invisible, deformed body, poison resistance,
slowness 2, slow metabolism 1, spit poison 1, strong 1, AC +1
a: Spit Poison


You were on level 2 of the Dungeon.
You were not hungry.

You visited 1 branch of the dungeon, and saw 2 of its levels.

You collected 84 gold pieces.

Inventory:

Hand Weapons
 a - a +0 spear (weapon)
 m - a +1 war axe of electrocution
Missiles
 e - 5 tomahawks of dispersal (quivered)
Armour
 b - a +0 leather armour (worn)
 i - a +0 buckler
Scrolls
 d - 2 scrolls of blinking
 h - a scroll of enchant armour {unknown}
 j - a scroll of teleportation
 l - 2 scrolls of identify
 n - a scroll of remove curse {unknown}
 o - a scroll of noise {unknown}
 p - a scroll of random uselessness {unknown}
 q - 2 scrolls of fear
 r - a scroll of enchant weapon {unknown}
Potions
 g - a potion of agility
Books
 c - a book of Spatial Translocations

   Spells                             Type                      Level
   a - Blink                          Translocation                2
   b - Shroud of Golubria             Charms/Translocation         2
   c - Lesser Beckoning               Translocation                3
   d - Gell's Gravitas                Translocation                3
   e - Teleport Other                 Translocation                3
   f - Passage of Golubria            Translocation                4
Comestibles
 f - 5 rations


   Skills:
 - Level 2.0 Fighting
 + Level 2.7 Polearms
 - Level 1.0 Throwing
 - Level 1.3 Armour
 + Level 2.3 Dodging
 + Level 1.9 Stealth
 - Level 2.0 Spellcasting
   Level 3.0 Translocations


You had 6 spell levels left.
You didn't know any spells.

Dungeon Overview and Level Annotations

Branches:
Dungeon (2/15)

Altars:


Innate Abilities, Weirdness & Mutations

You cannot wear boots.
Your serpentine skin is tough. (AC +1)
You have supernaturally acute eyesight. (SInv)
Armour fits poorly on your strangely shaped body.
Your system is resistant to poisons. (rPois)
You cover ground very slowly.
You have a slow metabolism.
You can spit poison.
You are surrounded by a mild repulsion field. (EV +2)
Your muscles are strong. (Str +2)


Message History

Aim: a phantom (heavily damaged)
You hit the phantom.
The phantom is heavily damaged.
The phantom hits you!
* * * LOW HITPOINT WARNING * * *
The phantom blinks!
It was a potion of magic.
Magic courses through your body.
The phantom blinks!
As you read the scroll labeled CUSYIGR SONUYK, it crumbles to dust.
It is a scroll of identify.
g - a potion of agility
As you read the scroll labeled QOESAH ITEH, it crumbles to dust.
You assume a fearsome visage.
The phantom is unaffected.
It was a scroll of fear.
Unknown command.
As you read the scroll labeled USASODWAXAL, it crumbles to dust.
You feel strangely unstable.
It was a scroll of teleportation.
The phantom blinks!
The phantom blinks!
The phantom hits you.
You die...

#######........##.###............
###......##...# #.###..(.....
#.......###.#####..###.......
#.#.......#...........)......
#.#.....#....#########)......
#####........# ###........
#.........####.....#..#.
########.#....W..##...)####....
..............@.........###.#..
########.#.......#####.........
######.#§......# #.#####.#.
#...#.......)..# #.# ......
#...#.§........#####.#... #..
#..>.................[..# #..
#...#...#########...##..###..
#.....### ###.###........
#.....#########........###...


You could see a phantom.

Vanquished Creatures
  An adder (D:2)
  A dart slug (D:1)
  2 leopard geckos (D:1)
  7 bats (D:1)
  4 giant cockroaches
  5 hobgoblins
  5 kobolds
  4 frilled lizards
  9 goblins
  5 rats
43 creatures vanquished.

Notes
Turn   | Place    | Note
-------+----------+-------------------------------------------
     0 | D:1      | KristoblXynda the Naga Warper began the quest for the Orb.
     0 | D:1      | Reached XP level 1. HP: 19/19 MP: 3/3
    16 | D:1      | Reached skill level 1 in Throwing
    47 | D:1      | Reached skill level 1 in Armour
   311 | D:1      | Reached XP level 2. HP: 3/26 MP: 5/5
  1034 | D:1      | Reached XP level 3. HP: 32/32 MP: 6/6
  1100 | D:1      | Reached skill level 1 in Stealth
  1864 | D:2      | Gained mutation: Your muscles are strong. (Str +2) [potion of mutation]
  1864 | D:2      | Gained mutation: You are surrounded by a mild repulsion field. (EV +2) [potion of mutation]
  2104 | D:2      | Noticed a phantom
  2184 | D:2      | Slain by a phantom

Vault maps used:
D:1:      minmay_arrival_four_houses, minmay_domino_2
D:2:      first_ration

Skill      XL: |  1  2  3 |
---------------+----------+-----
Throwing       | 1 |  1.0
Armour         | 1 |  1.3
Dodging        | 2 |  2.3
Stealth        | 1 |  1.9
Fighting       | |  2.0
Polearms       | |  2.7
Spellcasting   | |  2.0
Translocations | |  3.0

Action                   || total
-------------------------++-------
Melee: Spear             ||   144
       War axe           ||     5
 Abil: Spit Poison       ||    13
  Use: Potion            ||     4
       Scroll            ||     3
  Eat: Chunk             ||     3
Armor: Leather armour    ||    36
Dodge: Dodged            ||    71

Table legend:
 A = Spawn XP
 B = Non-spawn XP
 C = Spawn XP percentage of total XP
 D = Spawn monster count
 E = Non-spawn monster count
 F = Spawn count percentage of total count
 G = Total turns spent on level
                    A         B        C        D         E        F      G
               +---------+---------+-------+---------+---------+-------+---------
         Total |       0 |      81 |   0.0 |       0 |      43 |   0.0 |  2184
               +---------+---------+-------+---------+---------+-------+---------
           D:1 |       0 |      51 |   0.0 |       0 |      30 |   0.0 |  1454
           D:2 |       0 |      30 |   0.0 |       0 |      13 |   0.0 |   730
               +---------+---------+-------+---------+---------+-------+---------
